 Dungeon Crawl Stone Soup version 0.28.0-45-g0d030f2227 (webtiles) character file.

Game seed: 4038795850803413848

1 Iusername the Chucker (level 1, -1/13 HPs)
             Began as a Gnoll Wanderer on Apr 4, 2022.
             Slain by a hobgoblin (2 damage)
             ... on level 1 of the Dungeon.
             The game lasted 00:00:31 (534 turns).

Iusername the Chucker (Gnoll Wanderer)               Turns: 534, Time: 00:00:32

Health: -1/13      AC:  2    Str:  9    XL:     1   Next: 20%
Magic:  6/6        EV: 11    Int: 12    God:
Gold:   19         SH:  0    Dex: 12    Spells: 9/9 levels left

rFire   . . .      SeeInvis .   a - +0 dagger
rCold   . . .      Faith    .   (no shield)
rNeg    . . .      Spirit   .   c - +0 robe
rPois   .          Reflect  .   (no helmet)
rElec   .          Harm     .   (no cloak)
rCorr   .          Rampage  .   (no gloves)
Will    .....                   (no boots)
Stlth   ++........              (no amulet)
HPRegen 0.04/turn               (no ring)
MPRegen 0.10/turn               (no ring)

@: no status effects
A: fangs 1, strong nose, distributed training
a: no special abilities


You were on level 1 of the Dungeon.
You visited 1 branch of the dungeon, and saw 1 of its levels.

You collected 19 gold pieces.

Inventory:

Hand Weapons
 a - a +0 dagger (weapon)
Missiles
 b - 8 poisoned darts (quivered)
Armour
 c - a +0 robe (worn)
Scrolls
 d - a scroll of enchant weapon {unknown}


   Skills:
 + Level 0.0 Fighting
 + Level 0.0 Short Blades
 + Level 0.0 Long Blades
 + Level 0.0 Axes
 + Level 0.0 Maces & Flails
 + Level 0.0 Polearms
 + Level 0.0 Staves
 + Level 0.0 Slings
 + Level 0.0 Bows
 + Level 0.0 Crossbows
 + Level 6.4 Throwing
 + Level 0.0 Armour
 + Level 0.0 Dodging
 + Level 2.1 Stealth
 + Level 0.0 Shields
 + Level 0.0 Unarmed Combat
 + Level 4.8 Spellcasting
 + Level 0.0 Conjurations
 + Level 0.0 Hexes
 + Level 0.0 Summonings
 + Level 5.3 Necromancy
 + Level 0.0 Translocations
 + Level 0.0 Transmutations
 + Level 0.0 Fire Magic
 + Level 0.0 Ice Magic
 + Level 1.9 Air Magic
 + Level 0.0 Earth Magic
 + Level 0.0 Poison Magic
 + Level 0.0 Invocations
 + Level 0.0 Evocations


You had 9 spell levels left.
You didn't know any spells.
Your spell library contained the following spells:

 Spells                   Type           Power      Damage    Failure   Level
 Pain                     Necr           60%        1d7       2%          1
 Sublimation of Blood     Necr           15%        N/A       3%          2
 Shock                    Conj/Air       20%        1d4       14%         1
 Dispel Undead            Necr           15%        3d10      22%         4
 Mephitic Cloud           Conj/Pois/Air  4%         N/A       43%         3


Dungeon Overview and Level Annotations

Branches:
Dungeon (1/15)

Altars:


Innate Abilities, Weirdness & Mutations

You have very sharp teeth.
Your uncanny sense of smell can sniff out nearby items.
Your experience applies equally to all skills.


Message History

You see here a quokka corpse.
d - a scroll labelled EHITHU DIECIU You start resting.
HP restored.
You start waiting.
Done waiting.
You start waiting.
Done waiting.
A bat and a hobgoblin come into view.
The hobgoblin shouts!
You hear a shout!
The bat moves out of view.
A bat comes into view.
A hobgoblin comes into view.
You closely miss the hobgoblin. The hobgoblin hits you.
You hit the hobgoblin.
You bite the hobgoblin, but do no damage.
The hobgoblin is lightly wounded.
The hobgoblin closely misses you.
You hit the hobgoblin but do no damage.
The hobgoblin is lightly wounded.
The bat barely misses you. The bat hits you but does no damage.
The hobgoblin hits you.
You hit the hobgoblin.
The hobgoblin is moderately wounded.
The bat barely misses you. The hobgoblin hits you.
* * * LOW HITPOINT WARNING * * *
The bat hits you but does no damage.
You closely miss the hobgoblin.
You bite the hobgoblin, but do no damage.
The hobgoblin is moderately wounded.
The bat closely misses you. The bat hits you but does no damage.
The hobgoblin closely misses you. The bat completely misses you.
You closely miss the hobgoblin.
The hobgoblin is moderately wounded.
The bat closely misses you. The hobgoblin closely misses you.
You closely miss the hobgoblin.
The hobgoblin is moderately wounded.
The bat hits you.
* * * LOW HITPOINT WARNING * * *
The bat hits you but does no damage. The hobgoblin hits you.
You die...

#.§≈:§§.# #.≈≈≈≈≈.#
#..≈§≈..# ##.......##
## ###.........### ...
#.............# ..#.
#.............# .....
#..#####.#####.##g...#
.... ...#.....@gb...#
### ###.##.####b......
#.#. .....#. #..
##+#.# ### .. #


You could see 2 hobgoblins and 2 bats.

Vanquished Creatures
  A quokka (D:1)
1 creature vanquished.

Notes
Turn   | Place    | Note
-------+----------+-------------------------------------------
     0 | D:1      | Iusername the Gnoll Wanderer began the quest for the Orb.
     0 | D:1      | Iusername set off with the following items: a +0 dagger, 8
                  | poisoned darts, a +0 robe; and the following spells
                  | available to memorise: Pain, Sublimation of Blood, Shock,
                  | Dispel Undead, Mephitic Cloud
     0 | D:1      | Reached XP level 1. HP: 13/13 MP: 6/6
   534 | D:1      | Slain by a hobgoblin

Illustrated notes

Levels and vault maps discovered:
D:1:      lemuel_arrival_lava_pool, layout_basic, ebering_ecumenical_altar_box

Action                   || total
-------------------------++-------
Melee: Dagger            ||    18
       Bite              ||     2
       Punch             ||     1
Armor: Robe              ||     5
Dodge: Dodged            ||    15
